 Dungeon Crawl Stone Soup version 0.26.1-11-gd32895ea62 (webtiles) character file.

Game seed: 18151382833325625433

318 mankey1987 the Cudgeller (level 6, -1/93 HPs)
             Began as an Ogre Berserker on May 25, 2021.
             Was a Priest of Trog.
             Shot with an arrow by a centaur (10 damage)
             ... on level 4 of the Dungeon.
             The game lasted 00:06:55 (5441 turns).

mankey1987 the Cudgeller (Ogre Berserker)           Turns: 5441, Time: 00:06:56

Health: -1/93      AC:  3    Str: 22    XL:     6   Next: 45%
Magic:  6/6        EV: 10    Int:  8    God:    Trog [***...]
Gold:   134        SH:  0    Dex: 10    Spells: 5/5 levels left

rFire    . . .     SeeInvis .   a - +1 mace
rCold    . . .     Faith    .   (no shield)
rNeg     . . .     Spirit   .   b - +0 animal skin
rPois    .         Reflect  .   (helmet restricted)
rElec    .         Harm     .   (no cloak)
rCorr    .         Rampage  .   (gloves unavailable)
Will     .....                  (boots unavailable)
Stlth    ..........             (no amulet)
HPRegen  0.25/turn              (no ring)
MPRegen  0.10/turn              (no ring)

@: mighty, berserking, very quick
A: large, unfitting armour, tough skin 1
a: Renounce Religion, Berserk, Trog's Hand


You were on level 4 of the Dungeon.
You worshipped Trog.
Trog was most pleased with you.
You visited 1 branch of the dungeon, and saw 4 of its levels.

You collected 134 gold pieces.

Inventory:

Hand Weapons
 a - a +1 mace (weapon)
Armour
 b - a +0 animal skin (worn)
Scrolls
 e - 4 scrolls of identify
 f - 2 scrolls of fear
 g - a scroll of enchant weapon
Potions
 d - 2 potions of curing


   Skills:
 - Level 4.0 Fighting
 + Level 6.4 Maces & Flails
 - Level 2.6 Dodging


You had 5 spell levels left.
You didn't know any spells.
Your spell library was empty.

Dungeon Overview and Level Annotations

Branches:
Dungeon (4/15)
 Temple: D:4-7

Altars:
Dithmenos
Makhleb
Sif Muna
Uskayaw
Xom


Innate Abilities, Weirdness & Mutations

You are too large for most types of armour.
You have tough skin. (AC +1)


Message History

You see here a wand of random effects (23).
The centaur shoots an arrow.
The arrow hits you!
The centaur shoots an arrow.
The arrow misses you.
You see here an arrow.
The centaur shoots an arrow.
The arrow hits you.
You see here an arrow.
The centaur shoots an arrow.
The arrow hits you!
You see here an arrow.
The centaur shoots an arrow.
The arrow closely misses you.
The centaur shoots an arrow.
The arrow hits you.
You see here an arrow.
You feel very mighty all of a sudden.
The centaur shoots an arrow.
The arrow hits you!
* * * LOW HITPOINT WARNING * * *
A red film seems to cover your vision as you go berserk!
You feel yourself moving faster!
You feel mighty!
The centaur shoots an arrow.
The arrow hits you!
* * * LOW HITPOINT WARNING * * *
The centaur shoots an arrow.
The arrow hits you!
You die...

##.####...#
#.....#...#
#.....#...#
#.....#...#
#.....#(..#
#.....#...#
#.....#...##
#.....'....#
#######..@.#
#...(# ####(#
#####c#
#...(c#######
#.###.W(c...#
#...##.##...#
#..## ..# .
.... c#.#


You could see a phantom and 2 centaurs.

Vanquished Creatures
  An orc priest (D:3)
  An orc wizard (D:3)
  Natasha (D:1)
  A worker ant (D:4)
  3 gnolls (D:2)
  6 adders
  7 dart slugs
  2 leopard geckos (D:3)
  15 orcs
  13 bats
  5 giant cockroaches
  10 goblins
  14 hobgoblins
  9 kobolds
  A quokka (D:2)
  A ball python (D:4)
  3 frilled lizards
  6 rats
99 creatures vanquished.

Notes
Turn   | Place    | Note
-------+----------+-------------------------------------------
     0 | D:1      | mankey1987 the Ogre Berserker began the quest for the Orb.
     0 | D:1      | Reached XP level 1. HP: 24/24 MP: 1/1
    74 | D:1      | Reached skill level 3 in Maces & Flails
   128 | D:1      | Reached XP level 2. HP: 28/32 MP: 2/2
   696 | D:1      | Reached XP level 3. HP: 37/39 MP: 3/3
  1287 | D:1      | Found a shimmering altar of Xom.
  1306 | D:2      | Noticed Natasha
  1316 | D:1      | Killed Natasha
  1316 | D:1      | Reached ** piety under Trog
  1317 | D:1      | Reached skill level 4 in Maces & Flails
  1317 | D:1      | Reached XP level 4. HP: 25/48 MP: 4/4
  1634 | D:2      | Noticed a +0 dagger
  1635 | D:2      | Noticed a +0 dagger
  1638 | D:2      | Found a hide-covered altar of Uskayaw.
  2286 | D:2      | Found a shimmering altar of Xom.
  2286 | D:2      | Found a shimmering altar of Xom.
  2287 | D:2      | Found a shimmering altar of Xom.
  2288 | D:2      | Found a shimmering altar of Xom.
  2558 | D:2      | Reached skill level 5 in Maces & Flails
  2558 | D:2      | Reached XP level 5. HP: 52/54 MP: 5/5
  2998 | D:3      | Found a shadowy altar of Dithmenos.
  3599 | D:3      | Found a burning altar of Makhleb.
  4035 | D:3      | Found a shimmering blue altar of Sif Muna.
  4073 | D:3      | Reached *** piety under Trog
  4134 | D:3      | Reached XP level 6. HP: 55/62 MP: 6/6
  4140 | D:3      | Reached skill level 6 in Maces & Flails
  5428 | D:4      | Noticed a phantom
  5441 | D:4      | Shot with an arrow by a centaur

Illustrated notes

Levels and vault maps discovered:
D:1:      dpeg_arrival_water_altar, layout_basic, minmay_pentomino_r2
D:2:      minmay_door_path, layout_basic, xom_redecorated,
          dancing_weapons_uskayaw, minivault_25, uniq_natasha
D:3:      layout_basic, grunt_dithmenos_smoke, lemuel_crystal_altar,
          led_sif_pool
D:4:      layout_basic, serial_shops, nicolae_shop_behind_doors, shop,
          nicolae_shop_crystal, shop, minmay_manual_mares

Skill      XL: |  1  2  3  4  5  6 |
---------------+-------------------+-----
Maces & Flails | 3 4 5 6 |  6.4
Fighting       | |  4.0
Dodging        | |  2.6

Action                   |  1- 3 |  4- 6 || total
-------------------------+-------+-------++-------
Melee: Mace              |    97 |   239 ||   336
Invok: Berserk           |     1 |     7 ||     8
       Trog's Hand       |       |     1 ||     1
  Use: Scroll            |       |     6 ||     6
       Potion            |       |     3 ||     3
Armor: Animal skin       |    48 |    60 ||   108
Dodge: Dodged            |    68 |   162 ||   230
